 Dungeon Crawl Stone Soup version 0.25-a0-513-ge77a69270c (webtiles) character file.

Game seed: 14349713358559699650, levelgen mode: deterministic

40 mopl the Ruffian (level 3, 0/28 HPs)
             Began as a Minotaur Transmuter on Feb 16, 2020.
             Succumbed to an adder's poison
             ... on level 3 of the Dungeon.
             The game lasted 00:01:14 (654 turns).

mopl the Ruffian (Minotaur Transmuter)               Turns: 654, Time: 00:01:14

Health: 0/28       AC:  2    Str: 14    XL:     3   Next: 30%
Magic:  5/5        EV: 12    Int: 11    God:
Gold:   36         SH:  0    Dex: 10    Spells: 3/6 levels left

rFire    . . .     SeeInvis .   e - +2 dagger (venom)
rCold    . . .     Gourm    .   (no shield)
rNeg     . . .     Faith    .   b - +0 robe
rPois    .         Spirit   .   (helmet restricted)
rElec    .         Reflect  .   (no cloak)
rCorr    .         Harm     .   (no gloves)
MR       .....                  (no boots)
Stlth    +.........             (no amulet)
HPRegen  0.09/turn              (no ring)
MPRegen  0.09/turn              (no ring)

@: lethally poisoned (0 -> -5)
A: retaliatory headbutt, horns 2
a: no special abilities


You were on level 3 of the Dungeon.
You were not hungry.

You visited 1 branch of the dungeon, and saw 3 of its levels.

You collected 36 gold pieces.

Inventory:

Hand Weapons
 e - a +2 dagger of venom (weapon)
Missiles
 a - 12 arrows
Armour
 b - a +0 robe (worn)
 f - a +0 buckler
Scrolls
 g - a scroll of identify {unknown}
Comestibles
 c - 5 chunks of flesh
 d - 2 rations


   Skills:
 - Level 1.2 Fighting
 - Level 2.1 Dodging
 + Level 3.6 Unarmed Combat
 * Level 2.0 Spellcasting
 * Level 2.3 Transmutations


You had 3 spell levels left.
You knew the following spells:

 Your Spells              Type           Power        Failure   Level  Hunger
a - Beastly Appendage     Tmut           #.....       12%         1    ##.....
w - Sticks to Snakes      Tmut           #.......     17%         2    ###....

Your spell library contained the following spells:

 Spells                   Type           Power        Failure   Level  Hunger
 Spider Form              Tmut/Pois      #.........   50%         3    ####...
 Ice Form                 Ice/Tmut       #.......     88%         4    #####..
 Blade Hands              Tmut           #.........   97%         5    ######.


Dungeon Overview and Level Annotations

Branches:
Dungeon (3/15)

Altars:

Annotations:
D:2 Sigmund


Innate Abilities, Weirdness & Mutations

You reflexively headbutt those who attack you in melee.
You have a pair of horns on your head.


Message History

The adder barely misses you.
There is a stone staircase leading down here.
The adder bites you.
* * * LOW HITPOINT WARNING * * *
The adder bites you.
* * * LOW HITPOINT WARNING * * *
You climb downwards.
You hear the sound of rushing water.
There is an entrance to a sewer on this level.
Hurry and find it before the portal rusts away!
Reactivating autopickup.
There is a stone staircase leading up here.
You hit the adder.
The adder is lightly wounded.
The adder bites you.
* * * LOW HITPOINT WARNING * * *
You are lethally poisoned!
The adder poisons you!
You hit the adder. Your headbutt misses the adder. Your punch misses the adder.
The adder is moderately wounded.
You die...

... ..
.. .
.###
#..
#.####
#@...#
#S####
...
##.##
#.#
#.#
#.#
#.#


You could see an adder.

Vanquished Creatures
  An adder (D:2)
  3 dart slugs (D:1)
  2 ball pythons
  3 giant cockroaches
  2 goblins
  3 hobgoblins (D:1)
  4 kobolds
  A bat (D:1)
  3 frilled lizards (D:1)
  3 rats
25 creatures vanquished.

Notes
Turn   | Place    | Note
-------+----------+-------------------------------------------
     0 | D:1      | mopl the Minotaur Transmuter began the quest for the Orb.
     0 | D:1      | Reached XP level 1. HP: 16/16 MP: 1/1
   178 | D:1      | Reached XP level 2. HP: 17/23 MP: 3/3
   187 | D:1      | Learned a level 2 spell: Sticks to Snakes
   219 | D:1      | Reached skill level 2 in Transmutations
   554 | D:1      | You fall into a shaft and drop 1 floor!
   582 | D:2      | Reached XP level 3. HP: 28/28 MP: 4/4
   614 | D:2      | Reached skill level 2 in Spellcasting
   626 | D:2      | Noticed Sigmund
   653 | D:3      | HP: 1/28 [adder (2)]
   654 | D:3      | Succumbed to an adder's poison

Levels and vault maps discovered:
D:1:      grunt_arrival_lava_bath, layout_loops_ring, minivault_27
D:2:      layout_basic, old_standard_altar, minmay_statues_item,
          kennysheep_generic_room_11, uniq_sigmund
D:3:      layout_basic, marbit_many_paths, nicolae_ru_great_annihilating_truth,
          overflow_temple_1_default, gup_sewer_entry_spiral, minmay_crystal_room

Skill      XL: |  1  2  3 |
---------------+----------+-----
Transmutations | 2 |  2.3
Spellcasting   | 2 |  2.0
Fighting       | |  1.2
Dodging        | |  2.1
Unarmed Combat | |  3.6

Action                   || total
-------------------------++-------
Melee: Unarmed           ||    45
       Headbutt          ||    12
       Dagger            ||    18
       Kick              ||     2
       Punch             ||     2
 Cast: Beastly Appendage ||     2
Armor: Robe              ||     8
Dodge: Dodged            ||    43

Table legend:
 A = Non-vault XP
 B = Vault XP
 C = Vault XP percentage of total XP
 D = Non-vault monster count
 E = Vault monster count
 F = Vault count percentage of total count
                 A         B        C        D         E       F
            +---------+---------+-------+---------+---------+-------
      Total |      54 |       4 |   6.9 |      23 |       2 |   8.0
            +---------+---------+-------+---------+---------+-------
        D:1 |      37 |       0 |   0.0 |      19 |       0 |   0.0
        D:2 |      17 |       4 |  19.0 |       4 |       2 |  33.3
            +---------+---------+-------+---------+---------+-------
